 Dungeon Crawl Stone Soup version 0.29.1-15-g9cfb28693d (webtiles) character file.

Game seed: 16699602295100929293

1819 firemarshallily the Covert (level 9, -2/93 HPs)
             Began as an Octopode Brigand on Mar 1, 2023.
             Was a Follower of Dithmenos.
             Slain by a centaur (4 damage)
             ... on level 7 of the Dungeon.
             The game lasted 00:12:44 (7753 turns).

firemarshallily the Covert (Octopode Brigand)       Turns: 7753, Time: 00:12:44

Health: -2/93      AC:  3    Str: 10    XL:     9   Next: 10%
Magic:  9/9        EV: 13    Int: 14    God:    Dithmenos [*.....]
Gold:   892        SH:  5    Dex: 17    Spells: 8/8 levels left

rFire   . . .      SeeInvis .   a - +3 dagger
rCold   . . .      Faith    .   (no shield)
rNeg    + . .      Spirit   .   i - +2 hat
rPois   .          Reflect  +   o - amulet of reflection
rElec   .          Harm     .   w - ring of positive energy
rCorr   .          Rampage  .   (no ring)
Will    .....                   (no ring)
Stlth   ..........              (no ring)
HPRegen 0.25/turn               (no ring)
MPRegen 0.11/turn               (no ring)
                                (no ring)
                                (no ring)

@: berserking, wreathed by umbra, very quick
A: almost no armour, amphibious, 8 rings, camouflage 1, gelatinous body 1,
(nimble swimmer 1), tentacles
a: Renounce Religion


You were on level 7 of the Dungeon.
You worshipped Dithmenos.
Dithmenos was aware of your devotion.
You visited 2 branches of the dungeon, and saw 8 of its levels.

You collected 892 gold pieces.

Inventory:

Hand Weapons
 a - a +3 dagger (weapon)
 x - a +3 dagger
Missiles
 b - 9 poisoned darts (quivered)
 c - 3 curare-tipped darts
Armour
 i - a +2 hat (worn)
Jewellery
 o - an amulet of reflection (around mantle)
 w - a ring of positive energy (left tentacle)
Scrolls
 e - 5 scrolls of teleportation
 l - 2 scrolls of fear
 m - 2 scrolls of poison
 n - 3 scrolls of fog
 q - a scroll of blinking
 r - 2 scrolls of immolation
 s - a scroll of magic mapping
Potions
 d - 3 potions of curing
 f - 2 potions of cancellation
 g - a potion of heal wounds
 h - 2 potions of magic {unknown}
 j - 2 potions of berserk rage
 k - a potion of degeneration {unknown}
 p - a potion of lignification {unknown}
 t - a potion of attraction {unknown}
 u - a potion of brilliance {unknown}
 v - a potion of resistance {unknown}


   Skills:
 + Level 5.7 Fighting
 * Level 8.0 Short Blades
 - Level 2.0 Throwing
 - Level 1.0 Dodging
 + Level 10.7 Stealth


You had 8 spell levels left.
You didn't know any spells.
Your spell library contained the following spells:

 Spells                   Type           Power      Damage    Failure   Level
 Beastly Appendage        Tmut           0%         N/A       28%         1
 Sting                    Tmut/Pois      0%         1d3       28%         1
 Poisonous Vapours        Pois/Air       0%         N/A       41%         2
 Wereblood                Tmut           0%         N/A       41%         2
 Gell's Gravitas          Tloc           0%         N/A       65%         3
 Lesser Beckoning         Tloc           0%         N/A       65%         3
 Spider Form              Tmut/Pois      0%         N/A       65%         3
 Teleport Other           Tloc           0%         N/A       65%         3
 Olgreb's Toxic Radiance  Pois           0%         N/A       96%         4


Dungeon Overview and Level Annotations

Branches:
Dungeon (7/15)             Temple (1/1) D:4

Altars:
Ashenzari
Cheibriados
Dithmenos
Elyvilon
Fedhas
Gozag
Hepliaklqana
Kikubaaqudgha
Makhleb
Nemelex Xobeh
Okawaru
Qazlal
Sif Muna
Trog
Uskayaw
Vehumet
Xom
Yredelemnul
Zin
The Shining One

Shops:
D:6 (


Innate Abilities, Weirdness & Mutations

You cannot wear most types of armour.
You are amphibious.
You can wear up to eight rings at the same time.
Your skin changes colour to match your surroundings (Stealth+).
Your rubbery body absorbs attacks. (AC +1, EV +1)
((You are camouflaged when in or above water. (Stealth+)))
You have tentacles for arms and can constrict up to eight enemies at once.


Message History

You hit Duvessa but do no damage.
Duvessa is severely wounded.
You constrict Duvessa. Duvessa hits you with a +0 short sword!
The centaur hits you but does no damage.
The centaur misses you. The hound barely misses you.
You hit Duvessa.
Duvessa is severely wounded.
You constrict Duvessa. Duvessa barely misses you.
You hit Duvessa.
Duvessa is almost dead.
You constrict Duvessa. You block the centaur's attack. The centaur kicks you.
The hound closely misses you. Duvessa hits you with a +0 short sword!
* * * LOW HITPOINT WARNING * * *
A red film seems to cover your vision as you go berserk!
You feel yourself moving faster!
You feel mighty!
You constrict Duvessa. The centaur closely misses you. The centaur kicks you.
* * * LOW HITPOINT WARNING * * *
You block the hound's attack. Duvessa hits you with a +0 short sword!
* * * LOW HITPOINT WARNING * * *
The hound closely misses you. The centaur barely misses you.
The centaur misses you. Duvessa barely misses you.
You puncture Duvessa!
You kill Duvessa!
Dithmenos accepts your kill.
Your Short Blades skill increases to level 8!
You hit the centaur but do no damage. You squeeze the centaur!
The centaur is moderately wounded.
The centaur barely misses you. x2; The hound bites you.
* * * LOW HITPOINT WARNING * * *
You puncture the centaur!
The centaur is severely wounded.
The centaur hits you.
* * * LOW HITPOINT WARNING * * *
The centaur kicks you but does no damage.
The hound bites you.
* * * LOW HITPOINT WARNING * * *
You hit the centaur. Your squeeze misses the centaur.
The centaur is almost dead.
The centaur hits you.
You die...

##### .... #####...
#....... #.>....
#.....# ..#.# #.....#
...#.# #..h)c#
...#'## #...@.#
#....# #.$)..####
#....# #........#
#....#
######.#.####....####
#.#.............
#.######........
#..>............
############....
###..


You could see a centaur and a hound.

Vanquished Creatures
  A steam dragon (D:6)
  Duvessa (D:7)
  2 ice beasts (D:5)
  2 black bears
  A centaur (D:6)
  A necrophage (D:6)
  3 scorpions
  5 wights
  Dowan (D:7)
  A howler monkey (D:4)
  A hound (D:4)
  5 jellies
  2 orc priests
  An iguana (D:4)
  Crazy Yiuf (D:7)
  2 orc wizards (D:6)
  10 adders
  4 gnolls (D:3)
  A shadow imp (D:3)
  A white imp (D:6)
  An ufetubus (D:4)
  A worm (D:3)
  15 orcs
  4 bats
  7 endoplasms
  A giant cockroach (D:4)
  4 goblins
  8 hobgoblins
  7 kobolds
  A quokka (D:2)
  13 ball pythons
  2 frilled lizards (D:1)
  3 rats
113 creatures vanquished.

Notes
Turn   | Place    | Note
-------+----------+-------------------------------------------
     0 | D:1      | firemarshallily the Octopode Brigand began the quest for
                  | the Orb.
     0 | D:1      | Reached XP level 1. HP: 14/14 MP: 1/1
   154 | D:1      | Reached XP level 2. HP: 19/19 MP: 2/2
  1138 | D:2      | Identified a scroll of acquirement
  1138 | D:2      | Acquired 569 gold pieces
  1168 | D:2      | Reached XP level 3. HP: 24/24 MP: 3/3
  1307 | D:2      | Reached skill level 6 in Stealth
  1517 | D:2      | Reached XP level 4. HP: 30/30 MP: 4/4
  2016 | D:2      | Found a faded altar of an unknown god.
  2520 | D:3      | Reached XP level 5. HP: 18/36 MP: 5/5
  2673 | D:3      | Reached skill level 7 in Stealth
  3076 | D:3      | Found an ancient bone altar of Kikubaaqudgha.
  3873 | D:4      | Reached XP level 6. HP: 42/42 MP: 6/6
  4038 | D:4      | Found a staircase to the Ecumenical Temple.
  4087 | Temple   | Entered the Ecumenical Temple
  4268 | Temple   | Became a worshipper of Dithmenos the Shadowed
  4494 | D:4      | Noticed a black bear
  4502 | D:4      | Reached skill level 8 in Stealth
  4602 | D:4      | Killed a black bear
  4603 | D:4      | Reached XP level 7. HP: 47/47 MP: 7/7
  4710 | D:4      | Reached skill level 5 in Short Blades
  4894 | D:4      | Found a bloodstained altar of Trog.
  4894 | D:4      | Found a snail-covered altar of Cheibriados.
  4932 | D:5      | Entered Level 5 of the Dungeon
  5188 | D:5      | Identified the +1 whip "Buowox" {holy, rPois rF- Str+4
                  | Stlth+}
  5252 | D:5      | Found a hazy altar of Hepliaklqana.
  5253 | D:5      | Found a shimmering altar of Xom.
  5254 | D:5      | Noticed a spectral ugly thing
  5281 | D:5      | Reached skill level 9 in Stealth
  5318 | D:5      | Found a burning altar of Makhleb.
  5679 | D:5      | Reached XP level 8. HP: 27/51 MP: 8/8
  6001 | D:6      | Reached * piety under Dithmenos
  6094 | D:6      | Reached skill level 10 in Stealth
  6115 | D:6      | Reached skill level 5 in Fighting
  6595 | D:6      | Found a radiant altar of Vehumet.
  6773 | D:6      | Found Haemadim's Antique Weapon Shoppe.
  7524 | D:7      | Found a runed translucent door.
  7525 | D:7      | Noticed Crazy Yiuf
  7532 | D:7      | Killed Crazy Yiuf
  7713 | D:7      | Reached XP level 9. HP: 61/61 MP: 9/9
  7731 | D:7      | Noticed Duvessa
  7731 | D:7      | Noticed Dowan
  7745 | D:7      | Killed Dowan
  7750 | D:7      | Killed Duvessa
  7752 | D:7      | HP: 4/93 [centaur (5)]
  7753 | D:7      | Slain by a centaur

Illustrated notes

Levels and vault maps discovered:
D:1:      nzn_arrival_crosshair, layout_rooms, minivault_14
D:2:      layout_basic, chequers_ecumenical_altar_lobes, minmay_snake_closets
D:3:      layout_basic, kiku_gazebo_garden_becter
D:4:      minmay_chambers_of_fours, layout_gridville,
          gammafunk_temple_overflow_pools, minmay_temple_entry_proselytizer,
          wad_orctagon
D:5:      layout_cave_pools, regret_index_temple_of_mockery,
          mainiacjoe_overflow_24_doors, minmay_misc_feat_plants,
          mrwooster_statue_mirror, kennysheep_crisscross
D:6:      layout_layer_cave, nicolae_vehumet_altar_sigil, serial_shops, shop,
          grunt_decor_one_mirror, kennysheep_nub
D:7:      layout_basic, uniq_crazy_yiuf_cottage, uniq_duvessa
Temple:   hellmonk_temple_forest_ring

Skill      XL: |  1  2  3  4  5  6  7  8  9 |
---------------+----------------------------+-----
Stealth        | 6 7 8 9 10 | 10.7
Short Blades   | 3 4 5 7 8 |  8.0
Fighting       | 3 4 5 |  5.7
Throwing       | |  2.0
Dodging        | |  1.0

Action                   |  1- 3 |  4- 6 |  7- 9 || total
-------------------------+-------+-------+-------++-------
Melee: Dagger            |    49 |    75 |   102 ||   226
       Constrict         |     9 |    11 |    16 ||    36
       Tentacles         |     6 |    14 |    28 ||    48
  Use: Scroll            |     4 |       |    12 ||    16
       Potion            |       |       |     2 ||     2
 Stab: Sleeping          |    18 |    21 |    19 ||    58
Armor: Skin              |     3 |     2 |     5 ||    10
Dodge: Dodged            |    20 |    32 |    56 ||   108
Block: Other             |       |       |    10 ||    10
